 Dungeon Crawl Stone Soup version 0.31-a0-246-g8cbcc1cb85 (webtiles) character file.

Game seed: 16620508206190337908

40 Newt the Trooper (level 3, 0/30 HPs)
             Began as a Demonspawn Gladiator on July 12, 2023.
             Slain by a goblin
             ... wielding a +0 dagger
             ... led by Robin
              (5 damage)
             ... on level 2 of the Dungeon.
             The game lasted 00:01:24 (1555 turns).

Newt the Trooper (Demonspawn Gladiator)             Turns: 1555, Time: 00:01:24

Health: 0/30       AC:  3    Str: 16    XL:     3   Next: 30%
Magic:  3/3        EV: 11    Int:  9    God:
Gold:   24         SH:  5    Dex: 14    Spells: 2/2 levels left

rFire   . . .        a - +0 rapier
rCold   . . .        j - +1 buckler
rNeg    . . .        b - +0 leather armour
rPois   .            c - melded +0 helmet
rElec   .            (cloak currently unavailable)
rCorr   .            (gloves currently unavailable)
SInv    .            (boots currently unavailable)
Will    .....        (no amulet)
Stlth   +            (no ring)
HPRegen 0.25/turn    (no ring)
MPRegen 0.08/turn

%: no passive effects
@: beast-form
A: beast (slay +0), foul stench 1
a: no special abilities


You were on level 2 of the Dungeon.
You were a hulking beast.
You visited 1 branch of the dungeon, and saw 2 of its levels.

You collected 24 gold pieces.

Inventory:

Hand Weapons
 a - a +0 rapier (weapon)
Missiles
 d - 3 throwing nets (quivered)
 e - a javelin
Armour
 b - a +0 leather armour (worn)
 c - a +0 helmet (melded)
 j - a +1 buckler (worn)
Talismans
 g - a beast talisman
Potions
 f - 2 potions of curing {unknown}
 h - 2 potions of ambrosia {unknown}
 i - a potion of degeneration {unknown}
 k - a potion of invisibility {unknown}


   Skills:
 + Level 3.8 Fighting
 - Level 2.6 Short Blades
 - Level 1.7 Throwing
 - Level 2.6 Dodging


You had 2 spell levels left.
You didn't know any spells.
Your spell library was empty.

Dungeon Overview and Level Annotations

Branches:
Dungeon (2/15)

Altars:

Annotations:
D:2 Robin


Innate Abilities, Weirdness & Mutations

You are a hulking beast.
Your limbs bulge with bestial killing power. (Slay +0)
You may rarely emit foul miasma when damaged in melee.


Message History

The goblin hits you but does no damage. You block the goblin's attack.
Unknown command.
The goblin attacks as you move away! The goblin hits you with a +0 club.
You block the goblin's attack. The goblin attacks as you move away!
The goblin hits you with a +0 club.
There are monsters nearby!
Unknown command.
You hit the goblin.
You kill the goblin!
The goblin barely misses you.
Unknown command.
You miss the goblin. You block the goblin's attack.
The goblin hits you with a +0 club. The goblin barely misses you.
Unknown command.
You barely miss the goblin. The goblin closely misses you.
The goblin hits you with a +0 club. The goblin closely misses you.
Unknown command.
You aren't carrying any scrolls.
Robin shouts!
You puncture the goblin!
You kill the goblin!
Robin points. "Kill!"
Robin roars a battlecry!
The goblins go into a battle-frenzy!
The goblin hits you with a +0 dagger. The goblin barely misses you.
You closely miss the goblin. The goblin hits you but does no damage.
The goblin hits you with a +0 club. The goblin closely misses you.
Unknown command.
You completely miss the goblin. The goblin hits you with a +0 dagger.
* * * LOW HITPOINT WARNING * * *
The goblin hits you with a +0 dagger.
* * * LOW HITPOINT WARNING * * *
The hobgoblin barely misses you. The goblin hits you but does no damage.
The goblin barely misses you.
Unknown command.
You closely miss the goblin. You block the goblin's attack.
The hobgoblin hits you.
* * * LOW HITPOINT WARNING * * *
You emit a cloud of foul miasma!
The goblin hits you with a +0 dagger.
You die...

..........g...r
##.................
#.................# #.
#................. ...
#......g.........# ...
#..............# #.
#........).....# .#.
#..ggg..)....# ##...
#.ghgg.....####.....
##########.###.[#.#.
#.##.....#.
###.#......#.
##............
#....##.....##
######..#..#.....##
#####................##
.........#.....#.......


You could see Robin, a hobgoblin (strong) and 5 goblins.

Vanquished Creatures
  A worm (D:2)
  A dart slug (D:1)
  4 ball pythons
  An endoplasm (D:1)
  A giant cockroach (D:2)
  6 goblins (D:2)
  2 hobgoblins (D:1)
  5 quokkas
  7 bats
  2 frilled lizards (D:1)
  3 rats (D:1)
33 creatures vanquished.

Notes
Turn   | Place    | Note
-------+----------+-------------------------------------------
     0 | D:1      | Newt the Demonspawn Gladiator began the quest for the Orb.
     0 | D:1      | Reached XP level 1. HP: 16/16 MP: 1/1
    67 | D:1      | Found a faded altar of an unknown god.
   121 | D:1      | Gained mutation: You may rarely emit foul miasma when
                  | damaged in melee. [demonic ancestry]
   121 | D:1      | Reached XP level 2. HP: 6/23 MP: 2/2
   513 | D:1      | Reached skill level 3 in Fighting
  1403 | D:2      | Reached XP level 3. HP: 18/29 MP: 3/3
  1533 | D:2      | Noticed Robin
  1555 | D:2      | Slain by a goblin

Illustrated notes

Levels and vault maps discovered:
D:1:      dpeg_arrival_stone_temple_mockup, layout_basic,
          dreamdust_ecumenical_altar_grove, chequers_big_river
D:2:      layout_rooms, uniq_robin

Skill      XL: |  1  2 |
---------------+-------+-----
Fighting       | 3 |  3.8
Short Blades   | |  2.6
Throwing       | |  1.7
Dodging        | |  2.6

Action                     || total
---------------------------++-------
  Melee: Rapier            ||   116
    Use: Scroll            ||     1
   Stab: Sleeping          ||     1
 Armour: Leather armour    ||    43
  Dodge: Dodged            ||    79
  Block: Buckler           ||    26
   Form: Beast             ||     1

Table legend: (Time is in decaauts)
 A = Elapsed time spent in this place.
 B = Non-inter-level travel time spent in this place.
 C = Inter-level travel time spent in this place.
 D = Time resting spent in this place.
 E = Time spent auto-exploring this place.
 F = Levels seen in this place.
 G = Mean time per level.
                   A        B        C        D        E       F      G
               +--------+--------+--------+--------+--------+-----+--------+
         Total |   1572 |   1556 |     16 |    272 |   1012 |   2 |  786.0 |
       Dungeon |   1572 |   1556 |     16 |    272 |   1012 |   2 |  786.0 |
               +--------+--------+--------+--------+--------+-----+--------+

Top non-repeatable levels by time:
     D:1: 1366 daAuts
     D:2: 205 daAuts
